 Dungeon Crawl Stone Soup version 0.29.1-14-g9c671dbff4 (webtiles) character file.

Game seed: 183390757403433634

1901 protoss039 the Digger (level 8, -8/64 HPs)
             Began as a Demonspawn Earth Elementalist on Feb 19, 2023.
             Mangled by a troll (9 damage)
             ... on level 6 of the Dungeon.
             The game lasted 00:08:34 (6685 turns).

protoss039 the Digger (DsEE)                        Turns: 6685, Time: 00:08:35

Health: -8/64      AC:  9    Str: 15    XL:     8   Next: 94%
Magic:  3/16       EV: 11    Int: 19    God:
Gold:   272        SH:  0    Dex: 13    Spells: 12/18 levels left

rFire   . . .      SeeInvis .   C - +1 flail (venom)
rCold   . . .      Faith    .   q - +0 buckler
rNeg    . . .      Spirit   .   o - +2 robe {Will+}
rPois   .          Reflect  .   n - +0 helmet
rElec   .          Harm     .   (no cloak)
rCorr   .          Rampage  .   (no gloves)
Will    +....                   (no boots)
Stlth   +.........              (no amulet)
HPRegen 0.20/turn               h - +6 ring of strength
MPRegen 0.15/turn               j - +4 ring of protection

@: confused
A: demonic guardian 1, ignite blood 2, weakness stinger 2
a: no special abilities


You were on level 6 of the Dungeon.
You visited 1 branch of the dungeon, and saw 6 of its levels.

You collected 272 gold pieces.

Inventory:

Hand Weapons
 c - a +2 short sword of electrocution
 g - a +1 dagger of flaming
 s - a +1 short sword of draining
 C - a +1 flail of venom (weapon)
Armour
 n - a +0 helmet (worn)
 o - a +2 robe of willpower (worn)
 q - a +0 buckler (worn)
Jewellery
 h - a +6 ring of strength (left hand)
 j - a +4 ring of protection (right hand)
Wands
 a - a wand of iceblast (3)
 u - a wand of polymorph (10)
 y - a wand of flame (19)
 D - a wand of quicksilver (8)
 E - a wand of charming (4)
Scrolls
 d - a scroll of identify
 e - 3 scrolls of teleportation
 f - 2 scrolls of blinking
 i - a scroll of vulnerability {unknown}
 m - 2 scrolls of fear
 t - a scroll of noise {unknown}
 A - a scroll of torment {unknown}
 B - a scroll of fog {unknown}
Potions
 b - 2 potions of magic
 k - 2 potions of heal wounds
 l - 2 potions of mutation {unknown}
 p - a potion of ambrosia {unknown}
 r - 3 potions of curing {unknown}
 v - 3 potions of lignification
 w - a potion of haste {unknown}
 x - a potion of might
 z - a potion of brilliance {unknown}
 F - a potion of cancellation {unknown}


   Skills:
 + Level 5.7 Fighting
 - Level 1.7 Dodging
 - Level 1.7 Stealth
 + Level 5.7 Spellcasting
 + Level 5.1 Conjurations
 - Level 0.8 Transmutations
 + Level 6.1 Earth Magic


You had 12 spell levels left.
You knew the following spells:

 Your Spells              Type           Power      Damage    Failure   Level
a - Sandblast             Erth           56%        2d13      1%          1
b - Passwall              Tmut/Erth      15%        N/A       5%          2
c - Stone Arrow           Conj/Erth      52%        3d10      4%          3

Your spell library contained the following spells:

 Spells                   Type           Power      Damage    Failure   Level
 Petrify                  Tmut/Erth      18%        N/A       36%         4


Dungeon Overview and Level Annotations

Branches:
Dungeon (6/15) Zot: 26324
 Temple: D:4-7

Altars:
Kikubaaqudgha

Shops:
D:1 *


Innate Abilities, Weirdness & Mutations

A weak demonic guardian rushes to your aid.
Your demonic aura often causes spilled blood to erupt in flames.
You have a tail ending in a sharp stinger.


Message History

Press: ? - help, Shift-Dir - straight line Something hits you but does no damage.
Casting: Stone Arrow (dangerous; 4% risk of failure)
Confirm with . or Enter, or press ? or * to list all spells.
Aiming: Sandblast (safe; 1% risk of failure)
Press: ? - help, Shift-Dir - straight line The blast of sand hits something.
Something hits you but does no damage.
You hear some strange, mumbled words.
You are confused.
Unknown command.
You're too confused to cast spells.
Are you sure you want to stumble around while confused and next to your orc priest?
Okay, then.
Are you sure you want to stumble around while confused and next to your orc priest?
Okay, then.
Are you sure you want to stumble around while confused and next to your orc priest?
You barely miss something. Something hits you but does no damage.
Are you sure you want to stumble around while confused and next to your orc priest?
Okay, then.
Are you sure you want to stumble around while confused and next to your orc priest?
Okay, then.
Are you sure you want to stumble around while confused and next to your orc priest?
You closely miss your troll.
The troll is no longer charmed.
An orc wizard appears from thin air!
Reactivating autopickup.
Your orc priest hits the orc wizard with a +0 club.
The troll bites you!
* * * LOW HITPOINT WARNING * * *
The troll claws you!
* * * LOW HITPOINT WARNING * * *
A demonic guardian appears!
The troll closely misses you.
The orc wizard hits you with a +0 dagger.
* * * LOW HITPOINT WARNING * * *
The orc wizard barely misses you.
Your orc priest hits the orc wizard with a +0 club.
The troll is engulfed in blazing flames.
The troll bites you.
* * * LOW HITPOINT WARNING * * *
The troll claws you!
You die...

... ...#.## ###..#
###.#....# .....
...#.#..#
#...####.#.#..##
#.............> ##
#....#...#.#.###
#..#..............#
.............)....#
.###..@o.#...###.#
......To))#.#.# #.#
.......5)....)# #.#
.........)#.###
#.### .......)..#.#
#...# ....#...#.#.#
###.####
#...#.).....#
#....# #.#
#.#.#.### ####..
#.#.### ##.


You could see a troll (ally target), an orc wizard (ally target), a friendly orc
priest (charmed) and a friendly shadow imp (summoned).

Vanquished Creatures
  Maggie (D:6)
  Grinder (D:6)
  Sigmund (D:2)
  Edmund (D:4)
  A black bear (D:6)
  2 ogres (D:4)
  A phantom (D:5)
  A kobold brigand (D:6)
  Blork the orc (D:5)
  A bullfrog (D:6)
  A scorpion (D:6)
  A howler monkey (D:4)
  A jelly (D:5)
  2 orc priests (D:5)
  4 hounds
  2 iguanas
  An orc wizard (D:5)
  Robin (D:2)
  6 adders
  3 worms
  2 dart slugs
  13 orcs
  6 ball pythons
  10 endoplasms
  15 goblins
  10 hobgoblins
  10 jackals
  5 quokkas
  6 bats
  3 frilled lizards
  8 kobolds
  7 rats
128 creatures vanquished.

Vanquished Creatures (collateral kills)
  A scorpion (D:6)
  4 orcs (D:6)
  A jackal (D:3)
  A rat (D:3)
7 creatures vanquished.

Vanquished Creatures (others)
  3 plants (D:1)
3 creatures vanquished.

Grand Total: 138 creatures vanquished

Notes
Turn   | Place    | Note
-------+----------+-------------------------------------------
     0 | D:1      | protoss039 the Demonspawn Earth Elementalist began the
                  | quest for the Orb.
     0 | D:1      | Reached XP level 1. HP: 13/13 MP: 3/3
    20 | D:1      | Found Meupus's Assorted Antiques.
   313 | D:1      | Gained mutation: Your demonic aura sometimes causes spilled
                  | blood to erupt in flames. [demonic ancestry]
   313 | D:1      | Reached XP level 2. HP: 18/20 MP: 5/5
   407 | D:1      | Reached skill level 1 in Fighting
   407 | D:1      | Reached skill level 3 in Earth Magic
   861 | D:1      | Reached XP level 3. HP: 14/26 MP: 0/6
  1572 | D:1      | Learned a level 2 spell: Passwall
  1692 | D:2      | Noticed Sigmund
  2100 | D:2      | Gained mutation: Your demonic aura often causes spilled
                  | blood to erupt in flames. [demonic ancestry]
  2100 | D:2      | Reached XP level 4. HP: 29/33 MP: 4/8
  2166 | D:2      | Noticed Robin
  2174 | D:2      | Killed Robin
  2481 | D:2      | Learned a level 3 spell: Stone Arrow
  2510 | D:2      | Found a faded altar of an unknown god.
  2528 | D:2      | Killed Sigmund
  2529 | D:2      | Reached skill level 1 in Conjurations
  2529 | D:2      | Reached skill level 4 in Earth Magic
  2529 | D:2      | Gained mutation: A weak demonic guardian rushes to your
                  | aid. [demonic ancestry]
  2529 | D:2      | Reached XP level 5. HP: 29/40 MP: 1/10
  3274 | D:3      | Gained mutation: You have a small tail. [demonic ancestry]
  3274 | D:3      | Reached XP level 6. HP: 46/46 MP: 11/11
  3586 | D:3      | Found an ancient bone altar of Kikubaaqudgha.
  3917 | D:3      | You fall into a shaft and drop 2 floors!
  3917 | D:5      | Entered Level 5 of the Dungeon
  4162 | D:4      | Noticed Edmund
  4599 | D:4      | Killed Edmund
  4600 | D:4      | Gained mutation: You have a tail ending in a sharp stinger.
                  | [demonic ancestry]
  4600 | D:4      | Reached XP level 7. HP: 52/52 MP: 2/13
  5610 | D:5      | Reached skill level 5 in Earth Magic
  5752 | D:5      | Noticed Blork the orc
  5761 | D:5      | Killed Blork the orc
  5762 | D:5      | Reached XP level 8. HP: 59/61 MP: 15/15
  6025 | D:6      | Noticed Maggie
  6030 | D:6      | Killed Maggie
  6031 | D:6      | Reached skill level 5 in Fighting
  6031 | D:6      | Reached skill level 5 in Spellcasting
  6331 | D:6      | Noticed Grinder
  6338 | D:6      | Killed Grinder
  6643 | D:6      | Reached skill level 5 in Conjurations
  6656 | D:6      | Noticed a troll
  6665 | D:6      | Reached skill level 6 in Earth Magic
  6685 | D:6      | HP: 1/64 [troll (5)]
  6685 | D:6      | Mangled by a troll

Illustrated notes

Levels and vault maps discovered:
D:1:      minmay_arrival_stair_chambers, layout_loops_ring, serial_shops,
          nicolae_shop_overgrown_old_shop
D:2:      layout_basic, dreamdust_ecumenical_altar_statues, uniq_robin,
          uniq_sigmund
D:3:      layout_loops_ring, nicolae_kikubaaqudgha_miasma_corner
D:4:      kennysheep_spiral_hall, layout_cave_pools, uniq_edmund
D:5:      layout_cave_pools, tso_metal_star, uniq_blork_the_orc
D:6:      layout_basic, mainiacjoe_overflow_paths, dk_rats_in_the_wall,
          uniq_maggie, uniq_grinder

Skill      XL: |  1  2  3  4  5  6  7  8 |
---------------+-------------------------+-----
Fighting       | 1 2 3 4 5 |  5.7
Earth Magic    | 3 4 5 6 |  6.1
Spellcasting   | 3 4 5 |  5.7
Conjurations   | 1 2 3 5 |  5.1
Dodging        | |  1.7
Stealth        | |  1.7
Transmutations | |  0.8

Action                   |  1- 3 |  4- 6 |  7- 9 || total
-------------------------+-------+-------+-------++-------
Melee: Dagger            |    80 |       |       ||    80
       Punch             |     2 |       |       ||     2
       Short sword       |    11 |   120 |     6 ||   137
       Tailslap          |       |    12 |    10 ||    22
       Flail             |       |       |    47 ||    47
 Cast: Sandblast         |    29 |    32 |    11 ||    72
       Stone Arrow       |       |    16 |    31 ||    47
Evoke: Wand              |       |       |     5 ||     5
  Use: Scroll            |     1 |     5 |     1 ||     7
       Potion            |     1 |       |       ||     1
 Stab: Sleeping          |     1 |     2 |     4 ||     7
Armor: Robe              |    28 |    44 |    34 ||   106
Dodge: Dodged            |    70 |    97 |    42 ||   209
Block: Buckler           |       |     8 |     8 ||    16
